[Event "Bangabandhu Premier Div League 2022"]
[Site "Dhaka"]
[Date "2022.12.05"]
[Round "6.3"]
[White "Sankalan Shah"]
[Black "Abdul, Momin"]
[Result "1-0"]
[ECO "D37"]
[WhiteElo "2218"]
[BlackElo "1900"]
[Annotator "TA"]
[PlyCount "97"]
[EventDate "2022.11.30"]
[EventType "team-tourn"]
[EventCountry "BAN"]
[SourceTitle "playchess.com"]
[Source "ChessBase"]
[SourceQuality "1"]
[TimeControl "40/5400+30:1800+30"]

1. d4 d5 2. c4 e6 3. Nf3 Nf6 4. Nc3 Be7 5. Bf4 a6 6. c5 {[%emt 0:01:34] D37: Queen's Gambit Declined: 5 Bf4.} c6 7. e3 b5 (7... Nbd7 $14) 8. b4 {[%emt 0:06:08] White is much more active. White is better.} Nbd7 {[%emt 0:04:20] [#]} 9. a4 $146 {[%emt 0:01:56][%cal Ra4b5] axb5 is the strong threat.} ({Predecessor:} 9. Ne5 Nxe5 10. Bxe5 a5 11. a3 axb4 12. axb4 Bb7 13. Bd3 O-O 14. O-O Ra6 15. Rxa6 Bxa6 {½-½ (41) Bromberger,G (1399)-Schwarz,V (1515) Untergriesbach 2003}) 9... Bb7 10. Bd3 O-O 11. h3 Re8 12. O-O g6 13. Qc2 Nh5 {[%emt 0:02:07] [#]} 14. Bh2 $1 Qc8 (14... Rf8 {was worth a try.} 15. Ra2 Ng7 16. axb5 cxb5) 15. Ra2 f5 16. Rfa1 Bd8 $2 (16... bxa4 17. Nxa4 (17. Rxa4 Bf6 $18) (17. Qxa4 Nhf6 $16) 17... Nhf6) 17. axb5 $18 cxb5 {[%emt 0:05:34] [#]} 18. Bxb5 $1 axb5 (18... Nhf6 19. Bxd7) 19. Rxa8 Bxa8 20. Nxb5 {[%emt 0:00:06] Black must now prevent Nd6.} Rf8 21. Nd6 Qb8 22. Qa4 Ndf6 23. Qxa8 Qxb4 24. Qa3 Qxa3 25. Rxa3 Ne4 26. Ra7 {[%emt 0:04:45] Prevents Be7.} f4 27. Bxf4 Nxf4 28. exf4 Rxf4 (28... Nxd6 $142 29. cxd6 Bf6) 29. Nxe4 dxe4 {[%emt 0:00:00][%mdl 4096] Endgame KRB-KRN} 30. Ne5 Bf6 31. Rd7 (31. c6 $142 {Intending c7 and mate.} Bxe5 32. dxe5) 31... Bxe5 32. dxe5 {[%emt 0:00:01] KR-KR} e3 33. fxe3 Rc4 34. Rc7 Kf8 35. Kf2 ({Less strong is} 35. Rxh7 Rxc5 36. Kf2 Rxe5 $16) 35... h5 36. Kf3 g5 37. c6 {[%emt 0:01:05] And now Ke2 would win.} h4 $2 (37... Kg8 {is a better chance.} 38. Rc8+ Kg7) 38. Rc8+ Ke7 (38... Kg7 $142 39. c7 Kh7) 39. Rg8 Rxc6 40. Rxg5 Kf7 {[%emt 0:00:00] Prevents Rg7+.} 41. Rg4 Rc5 42. Rxh4 Rxe5 43. Rf4+ Kg6 44. g4 {[%emt 0:00:21][%cal Bg2g4,Bg4g5][%mdl 32] aiming for Re4.} Ra5 45. h4 {[%emt 0:00:21] Threatens to win with g5.} Rb5 46. g5 Kh5 47. Kg3 {[%emt 0:00:16] White threatens Rf6 and mate.} Re5 48. Rf6 Rxe3+ 49. Kf4 {[%emt 0:00:13] Black got outplayed after the opening.   Weighted Error Value: White=0.43/Black=0.61} 1-0

[Event "Bangabandhu Premier Div League 2022"]
[Site "Dhaka"]
[Date "2022.12.05"]
[Round "6.4"]
[White "Zia, Tahsin Tajwar"]
[Black "Mehdi Hasan Parag"]
[Result "1/2-1/2"]
[ECO "D43"]
[WhiteElo "2241"]
[BlackElo "2185"]
[Annotator "TA"]
[PlyCount "140"]
[EventDate "2022.12.01"]
[EventCountry "BAN"]
[SourceTitle "playchess.com"]
[Source "ChessBase"]
[SourceQuality "1"]
[TimeControl "40/5400+30:1800+30"]

1. d4 d5 2. c4 c6 3. Nf3 Nf6 4. Nc3 e6 5. Qd3 Nbd7 6. g3 {D43: Semi-Slav: 5 Bg5 h6.} b6 $1 {[%emt 1:31:28][%mdl 4] is recently more successful than 6...Bd6.} 7. Bg2 Ba6 8. b3 Rc8 9. O-O Bb4 10. Bb2 O-O 11. Rfd1 c5 {[%emt 0:00:00] [#]} 12. dxc5 $146 ({Predecessor:} 12. Nb5 Bxb5 13. cxb5 c4 14. bxc4 dxc4 15. Qc2 c3 16. Bc1 Qc7 17. Ne1 Qc4 18. Rb1 {1-0 (35) Banusz,T (2611)-Tatar Kis,S (2366) Hungary 2016}) 12... bxc5 13. e3 Qe7 14. Qc2 dxc4 15. e4 Ng4 16. Ne2 (16. bxc4 $11 Bxc4 17. a3) 16... c3 $15 17. Nxc3 c4 $1 18. bxc4 {[%emt 0:00:00] [#]} ({White should play} 18. h3 $15 Nge5 19. Nxe5 Nxe5 20. Na4 cxb3 21. Qxb3) 18... Bxc4 (18... Nb6 $1 $19 19. e5 (19. a3 $2 Bc5 $19) 19... Nxc4) 19. h3 {[#]} Nxf2 20. Qxf2 Bc5 21. Nd4 {[%emt 0:00:00] Black must now prevent Na4.} e5 22. Nd5 Bxd5 23. exd5 Qd6 (23... Qg5 $5 ) 24. Kh2 Bxd4 25. Bxd4 exd4 26. Qxd4 Ne5 27. Rac1 {[%emt 0:00:00] Prevents Rc2.} a5 28. Qf4 Rcd8 29. Rd2 Rfe8 30. Qa4 h5 31. Qf4 Re7 32. Rc3 g6 33. Qd4 f6 34. Qc5 Nf7 35. Qxa5 (35. Qxd6 {simplifies} Nxd6 36. Rc6 Kf7 37. a4) 35... h4 36. Qa3 Qe5 37. Rcc2 Nd6 38. Qc3 Qg5 (38... hxg3+ $11 39. Qxg3 Qxg3+ 40. Kxg3 Ra7) 39. gxh4 $1 $14 Qxh4 40. Qg3 (40. Rd4 $5 Qh6 41. Rb4 $16) 40... Qh6 (40... Qxg3+ {simplifies} 41. Kxg3 Ra7 42. Kh2 Rdd7) 41. Rf2 Re3 42. Qf4 Qxf4+ 43. Rxf4 f5 44. Rb4 Kf7 45. Rb6 Kf6 46. a4 f4 47. a5 {[%emt 0:00:00] Ra2 is the strong threat.} Ke5 48. Rc7 {[%emt 0:00:00] And now a6 would win.} (48. Rf2 {seems wilder.} Rc8 49. a6 Rcc3 50. Ra2) 48... Kd4 $2 (48... Ra3 $1 $11 {and Black has nothing to worry.}) 49. Rb4+ Ke5 50. a6 {[%emt 0:00:00] aiming for a7. White is more active.} Ra3 $1 51. a7 Ra2 $1 52. Re7+ Kf5 $1 53. Rb8 Rc8 54. Rxc8 (54. Re6 {is more complex.} f3 55. Rxc8 Nxc8 56. a8=R) 54... Nxc8 $11 {[%emt 0:00:30][%mdl 4096] Endgame KRB-KRN} 55. a8=Q {Dancing on a razor blade.} Rxa8 56. Be4+ Kg5 57. Re6 Ra2+ 58. Kg1 Kh4 59. Rxg6 Rd2 60. Rg2 (60. Rg4+ $14 Kxh3 61. Bf5 (61. Rxf4 Ne7 $11) 61... Rxd5 62. Rxf4+ Kg3 63. Rg4+ Kf3 64. Bxc8) 60... Rxg2+ 61. Kxg2 {[%emt 0:00:00] Threatens to win with Bf5. KB-KN} Nd6 {[%emt 0:00:00] Inhibits Bf5.} 62. Bd3 {[%emt 0:00:00] next Kf3 is good for White.} Nf7 $1 63. Bf5 Ne5 $2 (63... Kg5 $1 $11 64. Bc2 Ne5) 64. Kf2 $2 (64. d6 $18 Kh5 65. Bg4+ (65. d7 Nxd7 66. Kf3 Nc5 $11) 65... Kg5 66. Be6) 64... Kg5 65. Bg4 Kh4 $2 (65... Nxg4+ {is a self mate.} 66. hxg4 Kf6 67. Kf3 Ke5 68. d6 Ke6 69. Kxf4 Kxd6 70. Kg5) (65... Kf6 $11 {and Black stays safe.}) 66. Ke2 $2 (66. d6 $18 Kg5 67. Be6) 66... Kg3 67. d6 f3+ (67... Kg2 $11) 68. Bxf3 $1 $16 {[%emt 0:00:36][%cal Of3g4] Strongly threatening Bg4!} Nxf3 $2 {[%emt 0:00:00][%mdl 8192] [#]} (68... Kxh3 $16 69. Bd5 Kg4) 69. d7 $2 (69. h4 $1 $18 {White threatens d7 and mate.} Nd4+ 70. Kd3) 69... Nd4+ $11 70. Ke3 Nc6 {[%emt 0:07:00] Weighted Error Value: White=0.15 (very precise) /Black=0.12 (very precise)} 1/2-1/2

[Event "Bangabandhu Premier Div League 2022"]
[Site "Dhaka"]
[Date "2022.12.05"]
[Round "6.4"]
[White "Jannatul, Ferdous"]
[Black "Jamal Uddin"]
[Result "0-1"]
[ECO "B41"]
[WhiteElo "1861"]
[BlackElo "2092"]
[Annotator "TA"]
[PlyCount "108"]
[EventDate "2022.11.30"]
[EventType "team-tourn"]
[EventCountry "BAN"]
[SourceTitle "playchess.com"]
[Source "ChessBase"]
[SourceQuality "1"]
[TimeControl "40/5400+30:1800+30"]

1. e4 c5 2. Nf3 e6 3. d4 cxd4 4. Nxd4 a6 5. c4 Nf6 6. Nc3 Qc7 7. a3 b6 8. Be3 Bb7 {[%emt 0:00:52] B41: Sicilian: Kan Variation: 5 c4.} 9. f3 Nc6 10. Rc1 {[%emt 0:00:00] 10.Na4 is the recent fashion.} d6 $2 {[%emt 0:02:30] [#]} ({Black should play} 10... Be7 $14) 11. Be2 $2 {[%emt 0:00:00] [#]} (11. Nd5 $1 $18 {[%cal Rd5c7][%mdl 512] and the rest is easy.} exd5 12. cxd5) 11... g6 $146 {[%emt 0:00:51] [#]} (11... Qd8 $16 {might work better.}) ({Predecessor:} 11... Nxd4 12. Bxd4 Be7 13. O-O O-O 14. Qd2 Rab8 15. Rfd1 Nd7 16. Bf1 f5 17. exf5 Rxf5 {½-½ (44) Jankowiak,P (1992)-Borowski,P (1790) Wroclaw 2020}) 12. O-O (12. Nd5 $1 $18 exd5 13. cxd5) 12... Bg7 {[%emt 0:02:59] [#]} (12... Na7 $16 13. Qd2 Bg7) 13. Nxc6 (13. Ncb5 $1 $18 Qd7 14. Nxc6) 13... Qxc6 $16 14. Qd4 O-O 15. Qxb6 Bh6 16. Rcd1 Rab8 17. Qd4 e5 18. Qd2 (18. Qxd6 $2 Bxe3+ 19. Kh1 Bd4 20. Rxd4 exd4 21. Qxd4 Qe6 $19) 18... Bxe3+ 19. Qxe3 Kg7 20. b4 Rfd8 21. Rd2 Qc7 22. Rfd1 Nh5 23. g3 {[%emt 0:00:00] Inhibits Nf4.} Qe7 (23... Nf6 $142 24. b5 Rbc8) 24. c5 dxc5 25. Rxd8 (25. bxc5 Rxd2 26. Rxd2 Rc8 $16) (25. Qxc5 Qxc5+ 26. bxc5 Rxd2 27. Rxd2 Nf6 $16) 25... Rxd8 26. Rxd8 (26. bxc5 Rxd1+ 27. Nxd1 (27. Bxd1 Nf6 $16) 27... Nf6 $16) (26. Qxc5 Qxc5+ 27. bxc5 Rc8 $16) 26... Qxd8 27. Qxc5 (27. bxc5 Nf6 $16) 27... Qg5 28. Kf2 Nf6 29. Qc7 Qd2 30. Qxb7 Qd4+ (30... Qxc3 $142 31. Qxa6 Qd4+ 32. Kg2 Qc3) 31. Kg2 $18 Qxc3 32. Qxa6 {[%emt 0:00:00][%mdl 4096] Endgame KQB-KQN} Qb2 33. Qd3 Nd7 (33... Ne8 {was necessary.} 34. b5 Nd6) 34. a4 Nf8 35. b5 Ne6 36. a5 Nd4 37. Kf2 Qa2 38. a6 Qa5 {[%emt 0:01:10] Prevents b6.} 39. Qc4 g5 40. Qc5 $2 (40. Kg2 $18) 40... Qd2 $11 41. Qc4 (41. Qxe5+ $2 Kg6 $19) 41... Nc2 $2 (41... Qa5 $11 42. Kf1 h6) 42. Qd3 $18 Qe1+ 43. Kg2 Qc1 {[%emt 0:00:00] ...Ne1+ is the strong threat.} 44. Kh3 $2 (44. Qd6 $18 Qe3 45. Qxe5+ Kf8 46. Kh3 $1) 44... g4+ $1 $11 {[%emt 0:00:00][%mdl 64] Decoy} 45. Kxg4 (45. fxg4 $2 {loses.} Qh6+ 46. Kg2 Ne1+ 47. Kf1 Nxd3 $19) 45... Ne3+ $2 (45... Qh6 $1 $11 {and Black is okay.} 46. f4 (46. Qxc2 Qe6+ 47. Kh4 Qh6+ 48. Kg4 Qe6+ 49. Kh4 Qh6+ 50. Kg4 $11) 46... Qg6+ 47. Kh4 Qf6+ 48. Kh5 (48. Kh3 Qh6+ 49. Kg4 Qg6+ 50. Kh4 Qf6+ 51. Kh5 Qh6+ 52. Kg4 $11) 48... Qh6+ 49. Kg4 Qg6+ 50. Kh4 Qf6+ 51. Kh5 (51. Kh3 Qh6+ 52. Kg4 $11) 51... Qh6+ 52. Kg4) 46. Kh4 $4 {[%emt 0:00:00][%mdl 8192] [#]} (46. Kh3 $18 Qg1 47. Bf1 $1 ) 46... Qg1 $1 $19 47. h3 Kg6 $2 (47... Ng2+ {mates} 48. Kg4 Qb6 49. Qd6 h5+ 50. Kf5 Qxd6 51. h4 Qf6#) 48. Bf1 $1 $11 Nxf1 49. f4 exf4 {[%emt 0:00:00] ( -> ...Ne3)} 50. Qd6+ $2 (50. Qf3 $11 fxg3 51. Qg4+ Kf6 52. Qf5+ Kg7 53. Qg5+ Kf8 54. Qf6) 50... f6 {[%emt 0:00:00][%csl Gf1,Gf4][%cal Rg1g3] Black mates.} 51. Qxf4 Ne3 52. Qd6 Ng2+ 53. Kg4 h5+ 54. Kf3 Qf1# {[%emt 0:00:00] Weighted Error Value: White=0.41/Black=0.59} 0-1

[Event "Bangabandhu Premier Div League 2022"]
[Site "Dhaka"]
[Date "2022.12.05"]
[Round "6.5"]
[White "Mohammed Abdul, Malek"]
[Black "Shawket Bin, Osman Shaon"]
[Result "0-1"]
[ECO "C54"]
[WhiteElo "2152"]
[BlackElo "2069"]
[Annotator "TA"]
[PlyCount "60"]
[EventDate "2022.11.30"]
[EventType "team-tourn"]
[EventCountry "BAN"]
[SourceTitle "playchess.com"]
[Source "ChessBase"]
[SourceQuality "1"]
[TimeControl "40/5400+30:1800+30"]

1. e4 e5 2. Nf3 Nc6 3. Bc4 Bc5 4. c3 Nf6 5. d3 d6 6. O-O h6 7. Nbd2 O-O 8. h3 (8. b4 $5 Bb6 9. h3 $11) 8... a6 {[%emt 0:04:49] C54: Giuoco Piano: 4 c3 Nf6, main lines with 5 d4 and 5 d3.} 9. a4 {[%emt 0:00:21] now scores much better than the old 9.Bb3.} Ba7 10. Re1 Be6 {[%emt 0:03:11] The position is equal.} (10... Nh5 {is more complex.} 11. Nf1 Qf6 12. Be3 Be6) 11. b4 Ne7 12. Bxe6 fxe6 13. Qb3 (13. Nf1 {simplifies} Nc6 14. Be3 Bxe3 15. Rxe3 Qe8 16. N1d2) 13... Qd7 14. Nf1 {[%emt 0:01:46] [#]} Nh5 $146 {[%emt 0:04:26][%cal Of8f3] ...Rxf3! is the strong threat.} ({Predecessor:} 14... Ng6 15. Ng3 Kh7 16. Be3 Rf7 17. d4 exd4 18. cxd4 Raf8 19. Nh2 d5 20. e5 Ng8 {1-0 (46) Michalik,P (2594)-Jirka,J (2392) Chess.com INT 2021}) 15. d4 {[%emt 0:00:36] [#]} (15. N1h2 $11) 15... exd4 (15... Rxf3 $1 $17 16. gxf3 Ng6) 16. Nxd4 Kh8 {[%emt 0:00:13] Strongly threatening ...e5.} 17. Be3 Nf4 18. Bxf4 Rxf4 19. Ra2 e5 20. Nf3 {[%emt 0:05:03] [#]} (20. Qe6 $17 {keeps fighting.} Qxe6 21. Nxe6) 20... Raf8 $2 ({Black should try} 20... Rxf3 $1 $19 21. gxf3 Ng6) 21. N1h2 $1 $15 Ng6 {[%emt 0:00:36][%cal Of4f3,Be7g6,Bg6h4,Bh4f3][%mdl 32] aiming for ...Rxf3! Black is more active.} 22. Rd2 $2 {[%emt 0:00:58][%mdl 8192] [#]} (22. c4 $1 $15) 22... Rxf3 $1 $19 23. gxf3 (23. Nxf3 Rxf3) 23... Qxh3 {[%emt 0:00:26] ( -> ...Nh4)} 24. Qc4 Nh4 25. Qf1 {[%emt 0:00:44] Inhibits Qg2+.} Nxf3+ 26. Nxf3 Qxf3 27. Qg2 Qxc3 28. Rde2 {[%emt 0:02:13] [#]} Bxf2+ $1 29. Qxf2 Rf7 $4 30. Qf3 $4 Rxf3 {[%emt 0:00:00] Never resign too early!   Weighted Error Value: White=0.81/Black=0.31} 0-1

[Event "Bangabandhu Premier Div League 2022"]
[Site "Dhaka"]
[Date "2022.12.05"]
[Round "6.5"]
[White "Haque, Rezaul"]
[Black "Hrishin, Talukder"]
[Result "1-0"]
[ECO "A06"]
[WhiteElo "1949"]
[BlackElo "1673"]
[Annotator "TA"]
[PlyCount "39"]
[EventDate "2022.12.01"]
[EventCountry "BAN"]
[SourceTitle "playchess.com"]
[Source "ChessBase"]
[SourceQuality "1"]
[TimeControl "40/5400+30:1800+30"]

1. Nf3 Nf6 2. d3 d5 3. Bg5 Nbd7 4. Nbd2 e5 5. c3 Bd6 6. e4 {[%emt 0:00:00] A06: Réti Opening: 1 Nf3 d5.} c6 7. Be2 h6 8. Bh4 {[%emt 0:00:00] Black has an edge.} Qe7 {[%emt 0:00:00] [#]} 9. O-O $146 ({Predecessor:} 9. Qc2 b5 10. O-O g5 11. Bg3 dxe4 12. dxe4 h5 13. h4 g4 14. Ne1 Nf8 15. Nc4 Bc7 16. Rd1 Ng6 17. Qd3 Be6 18. f3 Rd8 {0-1 (18) Boava,D-Steinhoff,I (2225) Rio Claro 1998}) 9... Nf8 10. Re1 g5 {[%emt 0:00:00] Prevents d4.} 11. Bg3 {[%emt 0:00:30] Threatens to win with exd5.} Ng6 {[%emt 0:00:00] [#]} (11... dxe4 $1 $11 {remains equal.} 12. dxe4 (12. Nxe4 Nxe4 13. dxe4 Ng6 $11) 12... Ng6) 12. Bf1 (12. exd5 $1 $16 cxd5 13. Nxe5 Nxe5 14. Bf1) 12... Kf8 $2 {[%emt 0:01:30] [#]} (12... dxe4 $1 $11 {and Black is okay.} 13. dxe4 (13. Nxe4 Nxe4 14. Nxe5 Bxe5 $11) 13... O-O) 13. d4 (13. exd5 $1 $18 {is more deadly.} Nxd5 14. d4) 13... Bg4 $2 (13... Nxe4 $16 14. Nxe4 dxe4 15. Nxe5 (15. Rxe4 f5 $11) 15... Bf5) 14. dxe5 $18 Nxe5 15. Bxe5 Bxe5 16. exd5 Nxd5 (16... Rd8 {was necessary.} 17. Qc2 (17. Rxe5 Qxe5 18. Nxe5 Bxd1 $18) 17... Rxd5) 17. Nc4 ({Weaker is} 17. Rxe5 Qxe5 18. Nxe5 Bxd1 $18) 17... f6 {[%emt 0:00:00] [#]} (17... Bxh2+ 18. Kxh2 Qf6) 18. Nfxe5 $1 {[%emt 0:00:00][%cal Bf3e5,Be5g6,Bg6e7][%mdl 32] aiming for Ng6+. White is clearly winning.} Bxd1 19. Ng6+ {[%emt 0:00:00][%mdl 64] Discovered Attack, Double Attack. Pair of Knights!} Kf7 20. Nxe7 {[%emt 0:00:00] Black got outplayed after the opening.   Weighted Error Value: White=0.26 (precise) /Black=0.82} 1-0

[Event "Bangabandhu Premier Div League 2022"]
[Site "Dhaka"]
[Date "2022.12.05"]
[Round "6.6"]
[White "Mendonca, Leon Luke"]
[Black "Muthaiah AL"]
[Result "1/2-1/2"]
[ECO "D41"]
[WhiteElo "2565"]
[BlackElo "2454"]
[Annotator "TA"]
[PlyCount "83"]
[EventDate "2022.11.30"]
[EventType "team-tourn"]
[EventCountry "BAN"]
[SourceTitle "playchess.com"]
[Source "ChessBase"]
[SourceQuality "1"]
[TimeControl "40/5400+30:1800+30"]

1. d4 Nf6 2. c4 e6 3. Nc3 d5 4. cxd5 Nxd5 5. e4 Nxc3 6. bxc3 c5 7. Nf3 cxd4 8. cxd4 Bb4+ 9. Bd2 Bxd2+ 10. Qxd2 O-O 11. h4 {[%emt 0:01:15] D41: Queen's Gambit Declined: Semi-Tarrasch with 5 cxd5.} b6 12. Rd1 Bb7 13. Bd3 {[%emt 0:00:14] [#]} h6 $146 ({Predecessor:} 13... Nc6 14. Qe3 Qe7 15. O-O Rad8 16. Rfe1 Rfe8 17. h5 h6 18. d5 Nb4 19. Bb1 e5 {0-1 (44) Gukesh,D (2684)-Esipenko,A (2682) Biel 2022}) 14. O-O Nd7 15. Rfe1 Re8 16. Qf4 Qb8 17. e5 Nf6 18. Rc1 Nd5 19. Qg3 (19. Qe4 {simplifies} f5 20. exf6 Nxf6 21. Qe2) 19... Rc8 20. Nd2 Rxc1 21. Rxc1 Qd8 22. Ne4 Rc8 23. Re1 Ba8 24. Nd6 $36 {[%emt 0:04:10][%mdl 2048] White is more active.} Rc7 25. Nb5 Rd7 26. Rc1 f5 (26... Qe7 {is interesting.} 27. Nd6 Rc7 28. Bc4 Bc6) 27. Be2 a6 28. Nd6 {[%emt 0:00:39] [#] Hoping for Rc8.} Rc7 {[%emt 0:00:06] Against Rc8} 29. Rxc7 Qxc7 (29... Nxc7 $14 30. a4 (30. Qg6 Qd7 $14) 30... Bc6) 30. Bxa6 $16 {[%emt 0:00:47] Threatens to win with Bc4. White is much more active.} Qc1+ 31. Bf1 (31. Kh2 $16) 31... Nc3 $11 {[%emt 0:01:43] [#] ( -> ...Ne2+). The position is equal.} 32. Qe3 {[%emt 0:00:23] Against Ne2+} Qa1 33. h5 Bd5 34. Qd3 Ne4 35. a3 Qb2 36. Qe3 Qa1 37. Qd3 Qb2 38. Nxe4 fxe4 39. Qb5 Qxd4 40. Qe8+ Kh7 41. Qg6+ Kh8 42. Qe8+ {[%emt 0:00:24] Weighted Error Value: White=0.06 (flawless) /Black=0.07 (flawless)} 1/2-1/2

[Event "Bangabandhu Premier Div League 2022"]
[Site "Dhaka"]
[Date "2022.12.05"]
[Round "6.6"]
[White "Aaryan Varshney"]
[Black "Rahman, Siddiqur"]
[Result "1-0"]
[ECO "D15"]
[WhiteElo "2312"]
[BlackElo "1970"]
[Annotator "TA"]
[PlyCount "57"]
[EventDate "2022.12.01"]
[EventCountry "BAN"]
[SourceTitle "playchess.com"]
[Source "ChessBase"]
[SourceQuality "1"]
[TimeControl "40/5400+30:1800+30"]

1. d4 d5 2. c4 c6 3. Nf3 Nf6 4. Nc3 e6 5. e3 a6 6. a4 Bb4 7. Bd2 {[%emt 1:31:13] D15: Slav Defence: 4 Nc3 a6 and gambit lines after 4 Nc3 dxc4.} Nbd7 8. Bd3 O-O 9. O-O {[%emt 0:00:00][%cal Oc3d5] The position is equal.} Re8 {[%emt 0:00:00] [#]} (9... c5 $11) 10. Nxd5 $1 $16 Nxd5 (10... exd5 11. Bxb4) 11. cxd5 Bxd2 12. dxe6 ({Reject} 12. Nxd2 exd5 13. b4 (13. Qh5 Nf6 $11) 13... Nf6 $11) 12... Ba5 13. exd7 {[%emt 0:00:00] White has more active pieces.} Bxd7 14. Ne5 Be6 {[%emt 0:04:30] [#]} 15. Qc2 $146 ({Predecessor:} 15. f4 Bb6 16. Qh5 g6 17. Qh6 f5 18. Rf3 Qf6 19. h4 Re7 20. h5 Qg7 21. Qg5 gxh5 {1-0 (28) Aaryan,V (2261)-Ali,N (2113) Abu Dhabi 2018}) 15... Qh4 16. Bf5 Bd5 17. e4 Be6 18. Bxe6 Rxe6 19. f4 $36 {[%emt 0:01:30][%cal Oe5f7][%mdl 2048] Nxf7! is the strong threat. Black is under strong pressure.} (19. Qb3 {simplifies} Qe7 20. Nc4 Bc7 21. e5) 19... Bb6 $2 {[%emt 0:00:00] [#]} (19... Rd8 $16) 20. Kh1 $2 ({Less strong is} 20. Qc4 Rd8 21. Rad1 Qe7 $16) (20. Nxf7 $1 $18 {[%mdl 512] is the precise move to win. And now Ng5 would win.} Bxd4+ (20... Rf6 21. Ng5) 21. Kh1) 20... Bxd4 $2 {[%emt 0:00:00] [#]} (20... Rh6 $16 {keeps fighting.} 21. h3 Qe7) 21. Nxf7 $1 $18 b5 $2 (21... Kxf7 22. Qb3 Bxb2) 22. Ng5 {[%emt 0:00:00] White is clearly winning.} Rf6 23. g3 Qh5 24. axb5 cxb5 25. Qb3+ Kh8 26. Qd5 Raf8 27. Qxd4 Rh6 28. Rf2 Qg4 {[%emt 0:00:17] [#]} 29. Nf7+ $1 {[%emt 0:00:00] White took control after the opening.   Weighted Error Value: White=0.13 (very precise) /Black=0.68} 1-0

[Event "Bangabandhu Premier Div League 2022"]
[Site "Dhaka"]
[Date "2022.12.05"]
[Round "6.7"]
[White "Harikrishnan.A.Ra"]
[Black "Iniyan, P."]
[Result "0-1"]
[ECO "D02"]
[WhiteElo "2409"]
[BlackElo "2534"]
[Annotator "TA"]
[PlyCount "62"]
[EventDate "2022.11.30"]
[EventType "team-tourn"]
[EventCountry "BAN"]
[SourceTitle "playchess.com"]
[Source "ChessBase"]
[SourceQuality "1"]
[TimeControl "40/5400+30:1800+30"]

1. d4 Nf6 2. Bf4 d5 3. e3 e6 4. Nf3 c5 5. Nbd2 Nc6 6. c3 Bd6 {[%emt 0:00:30] 6...cxd4 injects fresh life into this line.} 7. Bg3 O-O 8. Bd3 a5 {[%emt 0:00:30] D02: 1 d4 d5 2 Nf3 sidelines, including 2...Nf6 3 g3 and 2...Nf6 3 Bf4.} 9. Ne5 {[%emt 0:00:30] [#]} Ne7 $146 ({Predecessor:} 9... c4 10. Bc2 Bxe5 11. dxe5 Nd7 12. Nf3 b5 13. a3 h6 14. Nd4 Ndxe5 15. Nxb5 Qb6 16. a4 Ba6 17. Nd4 Qxb2 18. Kd2 Nxd4 19. Bxe5 Nb3+ 20. Ke2 Nxa1 21. Qxa1 Qxc2+ 22. Kf3 Qe4+ {0-1 (22) Aguilera Prada,A (1531)-Lopez Nunez,A (1675) Alcorcon 2019}) 10. f4 b6 {[%emt 0:00:30] The position is equal.} 11. Bf2 Ba6 12. Bc2 cxd4 13. exd4 b5 14. O-O b4 {[%emt 0:00:30] White must now prevent ...bxc3.} 15. Re1 bxc3 16. bxc3 Qc7 17. Re3 Ng6 {[%emt 0:36:18] Prevents Bh4.} 18. Qf3 (18. g3 $15) 18... Rab8 $17 19. Bb3 {[%emt 0:01:04] [#]} (19. Bxg6 $17 {was called for.} hxg6 20. Qh3) 19... Bb7 (19... a4 $1 $19 20. Bxa4 Rb2) 20. Rae1 Bc6 21. f5 $2 {[%emt 0:04:11] Inhibits a4. White does not recover from this.} (21. Qd1 $17) 21... Bxe5 $19 22. Rxe5 ({Much worse is} 22. dxe5 d4 23. exf6 Bxf3 $19) 22... Nxe5 23. dxe5 Ne4 24. Nxe4 dxe4 25. Qf4 {[%emt 0:00:29] [#] Strongly threatening f6.} exf5 26. Re3 $2 (26. Bc5) 26... Rfd8 {[%emt 0:18:05][%cal Bf8d8,Bd8d3,Bd3d2][%mdl 32] ...a4 is the strong threat. Black is clearly winning.} 27. Bh4 Rd3 28. Re1 e3 29. Qxf5 (29. Bg3 $142 Rxb3 30. axb3) 29... Rd2 ({Inferior is} 29... Rxc3 30. e6 Rbxb3 31. axb3 $19) 30. Rxe3 a4 31. Bc4 g6 {[%emt 0:03:38] Weighted Error Value: White=1.09/Black=0.22 (precise)} 0-1